 Dungeon Crawl Stone Soup version 0.32-a0-30-gefbe487952 (webtiles) character file.

Game seed: 3644536247115085153

130 jasper the Cudgeller (level 4, -18/37 HPs)
             Began as an Armataur Fighter on Jan 19, 2024.
             Was a Believer of Makhleb.
             Killed by an exploding ogre (25 damage)
             ... ignited by their inner flame
             ... on level 5 of the Dungeon.
             The game lasted 00:09:18 (2633 turns).

jasper the Cudgeller (Armataur Fighter)             Turns: 2633, Time: 00:09:19

Health: -18/37     AC:  8    Str: 23    XL:     4   Next: 89%
Magic:  4/4        EV:  7    Int:  8    God:    Makhleb [**....]
Gold:   140        SH:  4    Dex: 10    Spells: 3/3 levels left

rFire   . . .        a - +0 flail
rCold   . . .        c - +0 buckler
rNeg    . . .        b - +0 scale mail
rPois   .            e - +0 helmet
rElec   .            (no cloak)
rCorr   .            (no gloves)
SInv    .            (no barding)
Will    .....        (no amulet) Stlth
                     (no ring)
HPRegen 0.26/turn    (no ring)
MPRegen 0.09/turn

%: roll
@: no status effects
A: large, deformed body, tough skin 3, armoured tail, roll 1
a: Renounce Religion, Minor Destruction


You were on level 5 of the Dungeon.
You worshipped Makhleb.
Makhleb was pleased with you.
You visited 1 branch of the dungeon, and saw 5 of its levels.

You collected 140 gold pieces.

Inventory:

Hand Weapons
 a - a +0 flail (weapon)
 h - a +0 whip
Missiles
 g - 15 stones (quivered)
 l - 6 poisoned darts
Armour
 b - a +0 scale mail (worn)
 c - a +0 buckler (worn)
 e - a +0 helmet (worn)
Scrolls
 i - 2 scrolls of identify
 k - a scroll of brand weapon {unknown}
 m - 2 scrolls of fear {unknown}
 o - a scroll of butterflies {unknown}
 p - a scroll of enchant weapon {unknown}
 q - a scroll of poison {unknown}
Potions
 n - 2 potions of curing


   Skills:
 - Level 2.6 Fighting
 + Level 4.7 Maces & Flails
 - Level 3.6 Armour
 - Level 3.2 Shields


You had 3 spell levels left.
You didn't know any spells.
Your spell library contained the following spells:

 Spells                   Type           Power      Damage    Failure   Level
 Foxfire                  Conj/Fire      0%         2x1d4     78%         1
 Freeze                   Ice            0%         1d3       78%         1
 Frozen Ramparts          Ice            0%         1d1       98%         3
 Hailstorm                Conj/Ice       0%         3d5       98%         3
 Plasma Beam              Fire/Air       0%         2x1d10    100%        6
 Starburst                Conj/Fire      0%         6d3       100%        6


Dungeon Overview and Level Annotations

Branches:
Dungeon (5/15)
 Temple: D:4-7

Altars:
Hepliaklqana
Makhleb

Annotations:
D:2 Terence
D:3 1 runed translucent door
D:4 Blork the orc


Innate Abilities, Weirdness & Mutations

Armour fits poorly on your strangely shaped body.
You have extremely tough skin. (AC +3)
You have a long armoured tail.
You regenerate magic when rolling toward enemies. (Rampage MPRegen)


Message History

Found 13 gold pieces.
Found a scroll labelled PITY BEXOE.
Blork the orc comes into view.
He is wielding a +0 long sword.
Blork the orc shouts!
Okay, then.
Okay, then.
Blork the orc screams, "I'll make a cloak from your skin!"
Blork the orc looks braver for a moment.
Blork the orc points at you and mumbles some strange words.
The puff of flame hits you!
You take 8 damage, and have 29/37 hp.
MASSIVE DAMAGE!!
There is a stone staircase leading down here.
You climb downwards.
The ogre shouts!
There is a stone staircase leading up here.
Okay, then.
Okay, then.
Okay, then.
Unknown command.
As you read the scroll labelled RELOBO BEOBB, it crumbles to dust.
It is a scroll of identify.
n - 2 potions of curing The ogre hits you with a +0 giant club!!
Ouch! That really hurt!
* * * LOW HITPOINT WARNING * * *
You take 23 damage, and have 11/37 hp.
MASSIVE DAMAGE!!
As you read the scroll labelled RAM AFOSIQ, it crumbles to dust.
The creatures around you are filled with an inner flame!
It was a scroll of immolation.
Okay, then.
As you read the scroll labelled FEIFIN REPRED, it crumbles to dust.
Your body is wracked with pain!
* * * LOW HITPOINT WARNING * * *
The ogre convulses!
Flame seeps out of the ogre.
It was a scroll of torment.
The ogre is engulfed in blazing flames.
Makhleb accepts your kill.
The ogre explodes!
The fiery explosion engulfs you!!
Ouch! That really hurt!
You die... ############### .....§○@....... ###############

There were no monsters in sight!

Vanquished Creatures
  An ogre (D:5)
  A bombardier beetle (D:3)
  An orc wizard (D:4)
  2 adders (D:3)
  A ribbon worm (D:2)
  5 orcs
  6 endoplasms
  A giant cockroach (D:1)
  A goblin (D:1)
  5 hobgoblins
  4 jackals
  6 ball pythons
  6 bats
  4 frilled lizards (D:1)
  A kobold (D:1)
  2 rats
47 creatures vanquished.

Notes
Turn   | Place    | Note
-------+----------+-------------------------------------------
     0 | D:1      | jasper the Armataur Fighter began the quest for the Orb.
     0 | D:1      | Reached XP level 1. HP: 18/18 MP: 1/1
    77 | D:1      | Reached skill level 2 in Maces & Flails
   235 | D:1      | You fall into a shaft and drop 1 floor!
   242 | D:2      | Found a faded altar of an unknown god.
   253 | D:2      | Prayed at the altar of an unknown god.
   253 | D:2      | Became a worshipper of Makhleb the Destroyer
   253 | D:2      | Reached * piety under Makhleb
   274 | D:1      | Reached XP level 2. HP: 18/25 MP: 2/2
   916 | D:1      | Reached skill level 3 in Maces & Flails
  1264 | D:2      | Reached XP level 3. HP: 30/30 MP: 3/3
  1429 | D:2      | Noticed Terence
  1544 | D:3      | Reached ** piety under Makhleb
  1631 | D:3      | Reached skill level 4 in Maces & Flails
  1631 | D:3      | Reached XP level 4. HP: 5/37 MP: 4/4
  1776 | D:3      | Found a hazy altar of Hepliaklqana.
  2416 | D:3      | Found a runed translucent door.
  2604 | D:4      | Noticed Blork the orc
  2630 | D:5      | Entered Level 5 of the Dungeon
  2630 | D:5      | Noticed an ogre
  2633 | D:5      | Killed an ogre
  2633 | D:5      | Killed by an exploding ogre... ignited by their inner flame

Illustrated notes

Levels and vault maps discovered:
D:1:      amcnicky_arrival_flooded_fountain, layout_basic
D:2:      layout_basic, ebering_ecumenical_altar_rust, uniq_terence
D:3:      layout_loops_ring, mainiacjoe_overflow_brackets,
          ebering_ghost_sewer_f, roderic_lattice_a, small_statue_intersection
D:4:      cheibrodos_pilgrimage, layout_basic, mrwooster_statue_mirror,
          hangedman_decor_points, uniq_blork_the_orc
D:5:      layout_basic, uniq_duvessa

Skill      XL: |  1  2  3 |
---------------+----------+-----
Maces & Flails | 2 3 4 |  4.7
Fighting       | |  2.6
Armour         | |  3.6
Shields        | |  3.2

Action                     |  1- 3 |  4- 6 || total
---------------------------+-------+-------++-------
  Melee: Flail             |    83 |    65 ||   148
         Tailslap          |     9 |     7 ||    16
  Throw: Stone             |     3 |       ||     3
    Use: Scroll            |       |     3 ||     3
         Potion            |       |     1 ||     1
 Armour: Scale mail        |    55 |    66 ||   121
  Dodge: Dodged            |    23 |    20 ||    43
  Block: Buckler           |    20 |     5 ||    25

Table legend: (Time is in decaauts)
 A = Elapsed time spent in this place.
 B = Non-inter-level travel time spent in this place.
 C = Inter-level travel time spent in this place.
 D = Time resting spent in this place.
 E = Time spent auto-exploring this place.
 F = Levels seen in this place.
 G = Mean time per level.
                   A        B        C        D        E       F      G
               +--------+--------+--------+--------+--------+-----+--------+
         Total |   2681 |   2245 |    436 |    277 |    716 |   5 |  536.2 |
       Dungeon |   2681 |   2245 |    436 |    277 |    716 |   5 |  536.2 |
               +--------+--------+--------+--------+--------+-----+--------+

Top non-repeatable levels by time:
     D:1: 1224 daAuts
     D:3: 848 daAuts
     D:2: 369 daAuts
     D:4: 236 daAuts
     D:5: 2 daAuts
